 Dungeon Crawl Stone Soup version 0.27.0-1-g7a089689b8 (webtiles) character file.

Game seed: 16914028176099175727

329 Froggeryz the Caller (level 6, -6/46 HPs)
             Began as a Demigod Summoner on Aug 1, 2021.
             Mangled by Edmund (13 damage)
             ... on level 4 of the Dungeon.
             The game lasted 00:09:40 (5177 turns).

Froggeryz the Caller (Demigod Summoner)             Turns: 5177, Time: 00:09:41

Health: -6/46      AC:  2    Str: 13    XL:     6   Next: 4%
Magic:  7/13       EV: 12    Int: 21    God:
Gold:   132        SH:  0    Dex: 14    Spells: 4/11 levels left

rFire    . . .     SeeInvis .   r - +3 scimitar (freeze)
rCold    . . .     Faith    .   (no shield)
rNeg     . . .     Spirit   .   a - +0 robe
rPois    .         Reflect  .   (no helmet)
rElec    .         Harm     .   g - scarf {+Inv}
rCorr    .         Rampage  .   (no gloves)
Will     .....                  (no boots)
Stlth    ++........             (no amulet)
HPRegen  0.15/turn              (no ring)
MPRegen  0.13/turn              (no ring)

@: no status effects
A: high mp 1, forlorn
a: Evoke Invisibility


You were on level 4 of the Dungeon.
You visited 1 branch of the dungeon, and saw 4 of its levels.

You collected 132 gold pieces.

Inventory:

Hand Weapons
 r - a +3 scimitar of freezing (weapon)
Missiles
 p - 4 poisoned darts (quivered)
Armour
 a - a +0 robe (worn)
 g - a scarf of invisibility (worn)
Wands
 l - a wand of polymorph (1)
Scrolls
 b - 4 scrolls of blinking
 c - 2 scrolls of identify
 f - a scroll of silence {unknown}
 i - a scroll of vulnerability {unknown}
 k - 4 scrolls of magic mapping {unknown}
 o - a scroll of fog {unknown}
 q - a scroll of teleportation {unknown}
Potions
 e - 2 potions of attraction {unknown}
 h - 4 potions of haste {unknown}
 j - a potion of mutation {unknown}
 m - a potion of degeneration {unknown}
 n - a potion of ambrosia {unknown}


   Skills:
 + Level 0.8 Fighting
 - Level 1.7 Dodging
 - Level 1.7 Stealth
 - Level 3.1 Spellcasting
 * Level 6.2 Summonings


You had 4 spell levels left.
You knew the following spells:

 Your Spells              Type           Power      Damage    Failure   Level
a - Summon Small Mammal   Summ           100%       N/A       1%          1
b - Call Imp              Summ           29%        N/A       1%          2
c - Summon Lightning Spi  Summ/Air       16%        N/A       36%         4

Your spell library contained the following spells:

 Spells                   Type           Power      Damage    Failure   Level
 Call Canine Familiar     Summ           29%        N/A       3%          3
 Summon Guardian Golem    Hex/Summ       16%        N/A       11%         3
 Static Discharge         Conj/Air       3%         N/A       21%         2
 Conjure Flame            Conj/Fire      3%         6-21      36%         3
 Ignite Poison            Fire/Tmut/Pois 3%         N/A       36%         3
 Dispel Undead            Necr           3%         3d7       78%         4
 Sticky Flame             Conj/Fire      3%         2d3       78%         4


Dungeon Overview and Level Annotations

Branches:
Dungeon (4/15)
 Temple: D:4-7

Shops:
D:4 [?

Annotations:
D:4 Edmund


Innate Abilities, Weirdness & Mutations

Your attributes grow dramatically as you level up.
You have an increased reservoir of magic. (+10% MP)
You shall have no god before yourself.


Message History

The phantom hits your crimson imp!
The phantom blinks!
Your crimson imp blinks!
Your iron imp hits the phantom!
Your white imp gestures at the phantom.
The puff of frost hits the phantom.
The phantom resists.
Your crimson imp hits the phantom.
The phantom completely misses your crimson imp.
Your iron imp hits the phantom but does no damage.
Your white imp hits the phantom.
The phantom is destroyed!
You have reached level 6!
Your experience leads to a dramatic increase in your attributes!
Increase (S)trength, (I)ntelligence, or (D)exterity?
You feel stronger. x4
Your crimson imp blinks!
Edmund clears his throat.
Edmund hits you with a +3 dire flail of protection!
Your white imp gestures at Edmund.
The puff of frost hits Edmund.
Your crimson imp blinks!
Your iron imp hits Edmund.
Your white imp gestures at Edmund.
The puff of frost hits Edmund!
Your white imp hits Edmund but does no damage.
Your crimson imp blinks!
Casting: Call Imp (safe; 1% risk of failure)
Confirm with . or Enter, or press ? or * to list all spells.
A beastly little devil appears in a puff of flame.
Your crimson imp hits Edmund.
Your crimson imp blinks!
Your white imp gestures at Edmund.
The puff of frost hits Edmund!
Your crimson imp barely misses Edmund.
You slash Edmund! You freeze Edmund.
Edmund is almost dead.
Your white imp disappears in a puff of smoke!
Edmund hits you with a +3 dire flail of protection!!
* * * LOW HITPOINT WARNING * * *
Your crimson imp hits Edmund but does no damage.
Edmund hits you with a +3 dire flail of protection!
You die...

.......##### #....#.#.#
#..............###....#.#.#####
.... ....................).[..>
..... ###).....###....#.#.####.
.....####......###....#.#......
.∩....................#.######.
...............##..##..........
..###........5..###.####.######'
#.# #........5@@#........# #....
#.# #.......§...#.##'#######....
#.# #.......§...#.........##....
#.# #...........#.........##....
#.# #...........#..†).....##....
##.# #...........#.........##....
...###...........#.........##....
#..........................##....
#.#####...#########........##....


You could see Edmund (ally target), a friendly iron imp (summoned) and a
friendly crimson imp (summoned).

Vanquished Creatures
  Blork the orc (D:4)
  A ball python (D:3)
  A hobgoblin (D:4)
  A quokka (D:4)
  A bat (D:1)
5 creatures vanquished.

Vanquished Creatures (collateral kills)
  Eustachio (D:4)
  A necrophage (D:4)
  A phantom (D:4)
  A wight (D:4)
  Ijyb (D:3)
  2 gnolls (D:4)
  4 adders
  An ufetubus (D:4)
  An orc (D:3)
  6 ball pythons
  2 bats
  8 endoplasms
  2 giant cockroaches
  3 goblins
  5 hobgoblins
  3 jackals (D:2)
  2 quokkas (D:1)
  A frilled lizard (D:2)
  4 kobolds
  A rat (D:3)
50 creatures vanquished.

Grand Total: 55 creatures vanquished

Notes
Turn   | Place    | Note
-------+----------+-------------------------------------------
     0 | D:1      | Froggeryz the Demigod Summoner began the quest for the Orb.
     0 | D:1      | Reached XP level 1. HP: 14/14 MP: 5/5
   613 | D:1      | Reached skill level 4 in Summonings
  1461 | D:2      | Reached XP level 2. HP: 17/20 MP: 1/7
  1464 | D:2      | Learned a level 2 spell: Call Imp
  2483 | D:3      | Reached XP level 3. HP: 26/26 MP: 4/8
  2671 | D:3      | Noticed Ijyb
  2688 | D:3      | Paralysed by Ijyb for 2 turns
  2695 | D:3      | Killed Ijyb
  3558 | D:4      | Noticed a necrophage
  3577 | D:4      | Killed a necrophage
  3578 | D:4      | Reached skill level 5 in Summonings
  3578 | D:4      | Reached XP level 4. HP: 31/33 MP: 2/10
  3707 | D:4      | Noticed Blork the orc
  3738 | D:4      | HP: 1/33 [Blork the orc/puff of flame (9)]
  4235 | D:4      | Killed Blork the orc
  4283 | D:4      | Found Jematrobb's Magic Scroll Shoppe.
  4292 | D:4      | Noticed Eustachio
  4672 | D:4      | Killed Eustachio
  4673 | D:4      | Reached XP level 5. HP: 38/38 MP: 5/12
  4767 | D:4      | Learned a level 4 spell: Summon Lightning Spire
  4795 | D:4      | Reached skill level 6 in Summonings
  5157 | D:4      | Found Weror's Antique Armour Shop.
  5159 | D:4      | Noticed Edmund
  5169 | D:4      | Reached XP level 6. HP: 35/46 MP: 7/13
  5177 | D:4      | Mangled by Edmund

Illustrated notes

Levels and vault maps discovered:
D:1:      beargit_arrival_greenhouse, layout_loops_cross,
          dreamdust_ecumenical_altar_angels_and_demons
D:2:      layout_basic
D:3:      layout_basic, mainiacjoe_overflow_tiny_flanked, minmay_bisected,
          uniq_ijyb
D:4:      layout_basic, portal_sewer_entry_e, serial_shops,
          nicolae_diamond_shop, shop, uniq_eustachio, uniq_blork_the_orc,
          uniq_edmund

Skill      XL: |  1  2  3  4  5 |
---------------+----------------+-----
Summonings     | 4 5 6 |  6.2
Spellcasting   | 2 3 |  3.1
Fighting       | |  0.8
Dodging        | |  1.7
Stealth        | |  1.7

Action                   |  1- 3 |  4- 6 || total
-------------------------+-------+-------++-------
Melee: Short sword       |    24 |    24 ||    48
       Unarmed           |     1 |     6 ||     7
       Scimitar          |       |     3 ||     3
 Cast: Summon Small Mamm |    90 |    13 ||   103
       Call Imp          |    13 |    34 ||    47
Evoke: Wand              |       |     1 ||     1
  Use: Scroll            |       |     3 ||     3
 Stab: Sleeping          |     1 |     1 ||     2
       Paralysed         |       |     5 ||     5
Armor: Robe              |    13 |     6 ||    19
Dodge: Dodged            |    32 |    46 ||    78
       Rpst.: Scimitar   |       |     1 ||     1
